[Event "*** SCC Grand Prix: Titled Tuesday Blitz"]
[Site "Chess.com"]
[Date "2020.09.29"]
[Round "9"]
[White "x-0414717230"]
[Black "exoticprincess"]
[Result "0-1"]
[WhiteElo "2714"]
[BlackElo "2895"]
[TimeControl "180+1"]
[EndTime "11:42:27 PDT"]
[Termination "exoticprincess won by resignation"]

1. d4 d5 2. Nf3 c6 3. Bf4 Nf6 4. e3 Bg4 5. c4 e6 6. Qb3 Qc8 7. Ne5 Nbd7 8. h3 Bf5 9. Nc3 Nxe5 10. Bxe5 Be7 11. Rc1 Qd7 12. Be2 O-O 13. O-O h6 14. Rfd1 a5 15. c5 Qc8 16. Na4 Nd7 17. Bg3 Re8 18.
Bd3 Bd8 19. Re1 Bc7 20. Bxc7 Qxc7 21. e4 dxe4 22. Bxe4 Bxe4 23. Rxe4 Rad8 24. Qe3 Nf6 25. Re5 Nd7 26. Re4 Nf6 27. Re5 Nd5 28. Qf3 Ne7 29. Re4 Nf5 30. Qc3 Ne7 31. Nb6 Nd5 32. Nxd5 Rxd5 33.
Rce1 Red8 34. R1e3 b6 35. cxb6 Qxb6 36. b3 Rxd4 37. Rxd4 Rxd4 38. Re5 Rd1+ 39. Kh2 Qxf2 40. Rxa5 Qf4+ 0-1

[Event "*** SCC Grand Prix: Titled Tuesday Blitz"]
[Site "Chess.com"]
[Date "2020.09.29"]
[Round "9"]
[White "Sergey85Rodchenkov"]
[Black "hungrycaterpillar4"]
[Result "0-1"]
[WhiteElo "2464"]
[BlackElo "2620"]
[TimeControl "180+1"]
[EndTime "11:42:28 PDT"]
[Termination "hungrycaterpillar4 won by resignation"]

1. e4 c5 2. Nf3 Nc6 3. d4 cxd4 4. Nxd4 Nf6 5. Nc3 e5 6. Nb3 Bb4 7. Bc4 Bxc3+ 8. bxc3 d6 9. Ba3 O-O 10. O-O Re8 11. Re1 Be6 12. Bf1 d5 13. exd5 Bxd5 14. c4 Be4 15. Qc1 h6 16. Nc5 Bg6 17. Nxb7 Qc7 18.
Nd6 Red8 19. c5 Nd4 20. Bd3 Bxd3 21. cxd3 Nd7 22. Qc4 Rf8 23. Rac1 Qc6 24. Bb2 Ne6 25. Bxe5 Qxc5 26. Qg4 Nxe5 27. Qg3 Qxd6 28. Rxe5 Rad8 29.
Rce1 Qxd3 30. Qg4 Rd4 31. Qf5 Qxf5 32. Rxf5 Rfd8 0-1

[Event "*** SCC Grand Prix: Titled Tuesday Blitz"]
[Site "Chess.com"]
[Date "2020.09.29"]
[Round "9"]
[White "Kumi29"]
[Black "FMJoseHerrera"]
[Result "0-1"]
[WhiteElo "2415"]
[BlackElo "2558"]
[TimeControl "180+1"]
[EndTime "11:42:29 PDT"]
[Termination "FMJoseHerrera won by resignation"]

1. d4 Nf6 2. Bg5 Ne4 3. h4 c5 4. d5 d6 5. Qd3 Nxg5 6. hxg5 g6 7. Qc3 f6 8. e3 Bg7 9. Bd3 O-O 10.
gxf6 exf6 11. Qc4 f5 12. Nc3 Nd7 13. Nf3 a6 14. Qf4 Ne5 15. Qh2 h6 16. O-O-O b5 17.
Nh4 Qf6 18. Be2 b4 19. Na4 Bd7 20. Nb6 Rab8 21. Nxd7 Nxd7 22. Nxg6 Qxg6 23. g4 Qf6 24.
Kd2 f4 25. g5 fxe3+ 26. fxe3 Qxb2 27. gxh6 Qc3+ 28. Kc1 Qa3+ 29. Kd2 Bc3+ 30. Kd3 Be5+ 31. Ke4 Bxh2 32. h7+ Kh8 0-1

[Event "*** SCC Grand Prix: Titled Tuesday Blitz"]
[Site "Chess.com"]
[Date "2020.09.29"]
[Round "9"]
[White "alexgo05"]
[Black "Mbneu"]
[Result "1-0"]
[WhiteElo "2434"]
[BlackElo "2311"]
[TimeControl "180+1"]
[EndTime "11:42:29 PDT"]
[Termination "alexgo05 won by resignation"]

1. e4 c5 2. Nf3 Nf6 3. e5 Nd5 4. Nc3 Nxc3 5. dxc3 Nc6 6. Bf4 Qc7 7. Qd2 e6 8. O-O-O h6 9. h4 a6 10. c4 b5 11. Kb1 Qb6 12. g4 Rb8 13. b3 Na5 14. cxb5 axb5 15. g5 c4 16. b4 Nc6 17. c3 Ne7 18. Nd4 Nd5 19. Bg2 Bb7 20. Nf5 Nxc3+ 21.
Qxc3 Bxg2 22. Nd6+ Bxd6 23. exd6 Qxf2 24. Qxg7 Be4+ 25.
Ka1 Rf8 26. Qf6 1-0

[Event "*** SCC Grand Prix: Titled Tuesday Blitz"]
[Site "Chess.com"]
[Date "2020.09.29"]
[Round "9"]
[White "KaspMagAlpha"]
[Black "JiiHart"]
[Result "1-0"]
[WhiteElo "2244"]
[BlackElo "2069"]
[TimeControl "180+1"]
[EndTime "11:42:32 PDT"]
[Termination "KaspMagAlpha won by resignation"]

1. d4 Nf6 2. c4 e6 3. Nf3 c5 4. d5 exd5 5. cxd5 d6 6. Nc3 g6 7. g3 Bg7 8. Bg2 O-O 9. O-O Re8 10. Nd2 a6 11. a4 b6 12. h3 Bb7 13. Nc4 Qc7 14. Bf4 Bf8 15. e4 Nbd7 16. Re1 Nh5 17. Be3 Rab8 18. g4 Ng7 19. f4 Ba8 20. Bf2 b5 21.
axb5 axb5 22. Na5 b4 23. Ne2 Rb5 24. Nc4 f6 25. e5 fxe5 26. fxe5 Nxe5 27. Nxe5 Rxe5 28.
Rxa8 Qb7 29. Qa1 Re7 30. Bg3 Rf7 31. Bxd6 c4 32. Bxf8 Rxf8 33. Rxf8+ Kxf8 34. Kh1 Kg8 35. Nd4 Ne8 36. Rxe8+ 1-0

[Event "*** SCC Grand Prix: Titled Tuesday Blitz"]
[Site "Chess.com"]
[Date "2020.09.29"]
[Round "9"]
[White "Mikhail_Golubev"]
[Black "NikolaGry"]
[Result "1-0"]
[WhiteElo "2481"]
[BlackElo "2632"]
[TimeControl "180+1"]
[EndTime "11:42:38 PDT"]
[Termination "Mikhail_Golubev won by resignation"]

1. e4 e5 2. Nf3 d6 3. d4 exd4 4.
Qxd4 Nc6 5. Bb5 Ne7 6. Bf4 a6 7. Bxc6+ Nxc6 8. Qd2 Be7 9. Nc3 O-O 10. O-O-O Be6 11. h3 Na5 12. Nd5 Nc4 13. Qd3 b5 14.
Nxe7+ Qxe7 15. Nd4 Qf6 16. Qg3 h6 17. b3 Ne5 18. Bxe5 dxe5 19. Nf3 Qf4+ 20. Qxf4 exf4 21. Nd4 Bc8 22. Ne2 Re8 23. Nxf4 Rxe4 24. Rd8+ Kh7 25.
Nd3 Re7 26. Nc5 Bb7 27. Nxb7 1-0

[Event "*** SCC Grand Prix: Titled Tuesday Blitz"]
[Site "Chess.com"]
[Date "2020.09.29"]
[Round "9"]
[White "daro94"]
[Black "GameOverBro"]
[Result "1-0"]
[WhiteElo "2919"]
[BlackElo "2555"]
[TimeControl "180+1"]
[EndTime "11:42:40 PDT"]
[Termination "daro94 won by resignation"]

1. g3 d6 2. Bg2 Nf6 3. b3 Nbd7 4.
Bb2 e5 5. d4 c6 6. Nf3 Qc7 7. O-O Be7 8. c4 O-O 9. Nc3 Re8 10. d5 a6 11. Rc1 Nf8 12. Ne1 Ng6 13. e4 Rf8 14. Nd3 c5 15. Qe2 Bg4 16. f3 Bd7 17. f4 exf4 18. gxf4 Rae8 19. Rce1 Ng4 20. h3 Nh6 21. f5 Nh4 22. f6 Bxf6 23. Rxf6 gxf6 24.
Qh5 N6f5 25. exf5 Rxe1+ 26. Nxe1 Nxf5 27. Ne4 Nd4 28. Nxf6+ Kg7 29. Qg5+ Kh8 30. Qh6 1-0

[Event "*** SCC Grand Prix: Titled Tuesday Blitz"]
[Site "Chess.com"]
[Date "2020.09.29"]
[Round "9"]
[White "ExcitingTrap"]
[Black "TokChess"]
[Result "0-1"]
[WhiteElo "2293"]
[BlackElo "2410"]
[TimeControl "180+1"]
[EndTime "11:42:40 PDT"]
[Termination "TokChess won by resignation"]

1. e4 c5 2. Nf3 e6 3. b3 Nf6 4.
e5 Nd5 5. Bb2 Nc6 6. Bb5 Qb6 7.
Bxc6 Qxc6 8. O-O a6 9. c4 Nf4 10. d4 cxd4 11. Qxd4 g5 12. Nc3 Bc5 13. Qe4 h6 14.
Rad1 Be7 15. Rfe1 b5 16. Qxc6 dxc6 17. Nd4 Bb7 18. Bc1 Ng6 19. Bb2 O-O-O 20. cxb5 cxb5 21. Nce2 Kb8 22. Ng3 Nf4 23. Bc1 Nxg2 24. Re2 Nh4 25. Rc2 Rxd4 26. Rxd4 Nf3+ 27. Kf1 Nxd4 28. Rd2 Rd8 29.
Bb2 Nf3 30. Rxd8+ Bxd8 0-1

[Event "*** SCC Grand Prix: Titled Tuesday Blitz"]
[Site "Chess.com"]
[Date "2020.09.29"]
[Round "9"]
[White "Radzio1987"]
[Black "SilviusTiberius"]
[Result "1-0"]
[WhiteElo "2840"]
[BlackElo "2646"]
[TimeControl "180+1"]
[EndTime "11:42:44 PDT"]
[Termination "Radzio1987 won by resignation"]

1. c4 Nf6 2. Nc3 g6 3. g3 d6 4.
Bg2 Bg7 5. d4 O-O 6. Nf3 Nc6 7.
O-O Rb8 8. b3 a6 9. d5 Na5 10. Bg5 h6 11. Bd2 c5 12. dxc6 Nxc6 13. Rc1 e5 14. Ne1 Be6 15. Nc2 d5 16. cxd5 Nxd5 17. Nxd5 Bxd5 18. Bg5 Qxg5 19. Qxd5 Rbd8 20. Qc4 Rd2 21. Bxc6 Rc8 22. h4 Qd8 23. Nb4 a5 24. Qb5 axb4 25. Bxb7 Rb8 26. Qa6 Qd4 27. e3 Qb2 28. Rc7 Qxa2 29. Qc4 Rf8 30. Bd5 Kh7 31. Bxf7 Qa5 32. Qc6 1-0

[Event "*** SCC Grand Prix: Titled Tuesday Blitz"]
[Site "Chess.com"]
[Date "2020.09.29"]
[Round "9"]
[White "MatyChess1"]
[Black "Kotofeyca"]
[Result "1-0"]
[WhiteElo "2495"]
[BlackElo "2343"]
[TimeControl "180+1"]
[EndTime "11:42:45 PDT"]
[Termination "MatyChess1 won on time"]

1. e4 c5 2. Nf3 d6 3. Nc3 Nf6 4. e5 dxe5 5. Nxe5 Nbd7 6. d4 Nxe5 7. dxe5 Qxd1+ 8. Nxd1 Ng4 9. f4 e6 10. Be2 Nh6 11. Bf3 Nf5 12. c3 h5 13. g3 Be7 14. Nf2 Rb8 15. a4 b6 16. Ke2 Bb7 17. Rd1 Bxf3+ 18. Kxf3 Rd8 19. Rxd8+ Kxd8 20. a5 b5 21. Ne4 Kc7 22. Be3 Kc6 23. Bf2 Rd8 24. h3 Rd3+ 25. Ke2 c4 26. Bxa7 Nxg3+ 27. Nxg3 Rxg3 28. Bf2 Rd3 29. Bd4 Kb7 30. a6+ Ka8 31. Ra5 b4 32. Rb5 b3 33. Rb7 Bd8 34. Rxf7 Rxd4 35. cxd4 c3 36. bxc3 1-0

[Event "*** SCC Grand Prix: Titled Tuesday Blitz"]
[Site "Chess.com"]
[Date "2020.09.29"]
[Round "9"]
[White "SophieNikoladze"]
[Black "Justinz"]
[Result "0-1"]
[WhiteElo "2295"]
[BlackElo "2426"]
[TimeControl "180+1"]
[EndTime "11:42:45 PDT"]
[Termination "Justinz won on time"]

1. d4 Nf6 2. Nf3 e6 3. e3 d5 4. Bd3 Be7 5. Nbd2 Nbd7 6. b3 b6 7. Bb2 Bb7 8. O-O O-O 9. Ne5 Nxe5 10. dxe5 Nd7 11. f4 Nc5 12. Bxh7+ Kxh7 13. Qh5+ Kg8 14. Rf3 f6 15. Rh3 f5 16. Nf3 Ne4 17. Qg6 Qd7 18.
Ng5 Bxg5 19. fxg5 Rfe8 20. Qh7+ Kf8 21. g6 Ke7 22. Qxg7+ Kd8 23. Qh6 c5 24. g7 Kc7 25.
Qg6 Rg8 26. Rh7 Qe8 27. Qh6 Rd8 28. h4 Rd7 29. h5 Qf7 30. Rf1 Re7 31. g4 Rxg7 32.
Rxg7 Qxg7 33. Qxg7 Rxg7 34. h6 Rxg4+ 35. Kh1 Rh4+ 36. Kg2 Rxh6 37. Rf3 d4 38. exd4 Nd2 0-1

[Event "*** SCC Grand Prix: Titled Tuesday Blitz"]
[Site "Chess.com"]
[Date "2020.09.29"]
[Round "9"]
[White "XDPS"]
[Black "kosya4ok"]
[Result "0-1"]
[WhiteElo "2743"]
[BlackElo "2626"]
[TimeControl "180+1"]
[EndTime "11:42:47 PDT"]
[Termination "kosya4ok won on time"]

1. e4 e5 2. Nf3 Nc6 3. Bb5 a6 4. Ba4 Nf6 5. O-O Be7 6. d3 b5 7.
Bb3 d6 8. a3 O-O 9. Nc3 Na5 10.
Ba2 Be6 11. b4 Bxa2 12. Nxa2 Nc6 13. Bd2 a5 14. Qb1 axb4 15. axb4 Qd7 16. Qb3 Ra4 17. c4 Rfa8 18. cxb5 Nd4 19. Nxd4 exd4 20. Qc4 d5 21. exd5 Nxd5 22. Rfe1 Nb6 23. Qb3 Qd5 24. Qd1 Bd6 25. Qe2 h6 26. Qg4 Kh7 0-1

[Event "*** SCC Grand Prix: Titled Tuesday Blitz"]
[Site "Chess.com"]
[Date "2020.09.29"]
[Round "9"]
[White "chegueps"]
[Black "almo64"]
[Result "0-1"]
[WhiteElo "2479"]
[BlackElo "2697"]
[TimeControl "180+1"]
[EndTime "11:42:47 PDT"]
[Termination "almo64 won by resignation"]

1. d4 c6 2. Nf3 Nf6 3. e3 g6 4. Bd3 Bg7 5. O-O O-O 6. b3 d6 7.
Bb2 Nbd7 8. Nbd2 Re8 9. e4 e5 10. dxe5 dxe5 11. Nc4 Qc7 12. Ba3 Bf8 13. Qc1 Nc5 14. Qb2 Nfd7 15. Rfe1 b5 16. Bxc5 Nxc5 17. Ne3 f6 18. h3 Be6 19. a3 Bxb3 20. Bxb5 cxb5 21.
cxb3 Nd3 22. Nd5 Qf7 23. Qe2 Nxe1 24. Nxe1 f5 25. Nd3 fxe4 26. Qxe4 Rad8 27. Ne3 Rd4 0-1

[Event "*** SCC Grand Prix: Titled Tuesday Blitz"]
[Site "Chess.com"]
[Date "2020.09.29"]
[Round "9"]
[White "BikingBrian"]
[Black "RamyresCoelho"]
[Result "1-0"]
[WhiteElo "2203"]
[BlackElo "2014"]
[TimeControl "180+1"]
[EndTime "11:42:47 PDT"]
[Termination "BikingBrian won by resignation"]

1. d4 Nf6 2. Bg5 Ne4 3. Bf4 c5 4. f3 Qa5+ 5. c3 Nf6 6. d5 d6 7. Qd2 g6 8. c4 Qxd2+ 9. Kxd2 Bg7 10. Nc3 O-O 11. e4 Nh5 12. Bg5 Bf6 13. Bh6 Bg7 14.
Bxg7 Nxg7 15. Bd3 f5 16. Nge2 Nd7 17. f4 e5 18. dxe6 Ne5 19. fxe5 dxe5 20. e7 Re8 21. Nd5 Ne6 22. Nf6+ Kf7 23. Nxe8 Kxe8 24. exf5 gxf5 25. Bxf5 Kxe7 26. Bxh7 Ng5 27. Bc2 Bg4 28. Nc3 Rd8+ 29. Nd5+ Ke6 30. h3 Bh5 31. g4 Nf3+ 32. Ke3 Nd4 33.
Bf5+ Nxf5+ 34. gxf5+ Kxf5 35. Raf1+ Ke6 36. Rf6+ Kd7 37.
Rg1 Be8 38. Rg7+ Kc8 39. h4 b5 40. b3 bxc4 41. bxc4 a5 42. Ra6 Kb8 43. Rb6+ Ka8 44.
Nc7+ Ka7 45. Re6 Bd7 46. Nb5+ Ka8 47. Rd6 e4 48. Rdxd7 Rh8 49. Ra7+ Kb8 50. Rgb7+ Kc8 51. Ra8+ Kxb7 52. Rxh8 a4 53. Rh6 a3 54. Rg6 1-0

[Event "*** SCC Grand Prix: Titled Tuesday Blitz"]
[Site "Chess.com"]
[Date "2020.09.29"]
[Round "9"]
[White "parintele_chess"]
[Black "Evachess2006"]
[Result "1-0"]
[WhiteElo "2131"]
[BlackElo "1630"]
[TimeControl "180+1"]
[EndTime "11:42:49 PDT"]
[Termination "parintele_chess won on time"]

1. c4 e5 2. g3 Nf6 3. Bg2 Nc6 4. Nc3 Bc5 5. e3 d6 6. Nge2 Bg4 7. h3 Bh5 8. g4 Bg6 9. d4 exd4 10. exd4 Bb6 11. O-O O-O 12. a3 Re8 13. Be3 a5 14. Nd5 Nxd5 15.
Bxd5 Be4 16. Bxe4 Rxe4 17. Ng3 Re8 18. Nf5 Ne7 19. Bg5 f6 20. Bxf6 gxf6 21. Kh2 Nxf5 22.
gxf5 Qe7 23. Qh5 Qf7 24. Rg1+ Kf8 25. Qh6+ Ke7 26. Rg7 Rf8 27. Re1+ 1-0

[Event "*** SCC Grand Prix: Titled Tuesday Blitz"]
[Site "Chess.com"]
[Date "2020.09.29"]
[Round "9"]
[White "Miss_JJ20"]
[Black "ChrisTool2"]
[Result "1-0"]
[WhiteElo "2459"]
[BlackElo "2341"]
[TimeControl "180+1"]
[EndTime "11:42:53 PDT"]
[Termination "Miss_JJ20 won by resignation"]

1. d4 Nf6 2. Nc3 e6 3. e4 d5 4. exd5 exd5 5. Bd3 c6 6. Bg5 Be7 7. h3 O-O 8. Qf3 Re8 9. Nge2 b5 10. a3 Nbd7 11. O-O Nf8 12. Rfe1 Ne6 13. Be3 a5 14. Ng3 Bd7 15. Nf5 Bf8 16. Ne2 Kh8 17. Neg3 Ra7 18. c3 Bc8 19. Re2 g6 20. Nh6 Bg7 21. Rae1 Rae7 22.
h4 Qc7 23. Bg5 Nxg5 24. hxg5 Ng8 25. Rxe7 Rxe7 26. Rxe7 1-0

[Event "*** SCC Grand Prix: Titled Tuesday Blitz"]
[Site "Chess.com"]
[Date "2020.09.29"]
[Round "9"]
[White "belisarius64"]
[Black "BanjoKazooieN64"]
[Result "1-0"]
[WhiteElo "2666"]
[BlackElo "2483"]
[TimeControl "180+1"]
[EndTime "11:42:56 PDT"]
[Termination "belisarius64 won by resignation"]

1. b3 e5 2. Bb2 d6 3. e3 Nf6 4. Nf3 Nc6 5. d4 exd4 6. Nxd4 Nxd4 7. Bxd4 Be7 8. Be2 O-O 9. O-O Bd7 10. Bf3 Bc6 11.
Bxc6 bxc6 12. c4 Nd7 13. Qf3 c5 14. Bb2 Bf6 15. Nc3 Ne5 16. Qe2 c6 17. Ne4 Be7 18.
Nxc5 dxc5 19. Bxe5 Bf6 20. Rad1 Qe7 21. Bd6 Qe6 22. Bxf8 Rxf8 23. Qf3 h6 24. Rd3 a5 25.
Rfd1 a4 26. h3 Rb8 27. Rd6 Qe5 28. bxa4 Rb2 29. Rxc6 Rxa2 30. Ra6 Rc2 31. Qd5 Qb2 32. Ra8+ Kh7 33. Qf5+ g6 34. Qd7 Kg7 35. Ra7 h5 36.
Qxf7+ Kh6 37. h4 Bg7 38. Qf4+ Kh7 39. Rdd7 1-0

[Event "*** SCC Grand Prix: Titled Tuesday Blitz"]
[Site "Chess.com"]
[Date "2020.09.29"]
[Round "9"]
[White "kleopl"]
[Black "Godzillator"]
[Result "1-0"]
[WhiteElo "2468"]
[BlackElo "2330"]
[TimeControl "180+1"]
[EndTime "11:42:57 PDT"]
[Termination "kleopl won by resignation"]

1. c4 c6 2. Nf3 d5 3. e3 Nf6 4.
b3 a6 5. Bb2 Bg4 6. h3 Bh5 7. g4 Bg6 8. Ne5 Nbd7 9. Nxg6 hxg6 10. Bg2 e6 11. d3 Bb4+ 12. Nd2 Nc5 13. Qc2 dxc4 14. dxc4 Nd3+ 15. Ke2 Nxb2 16. Qxb2 Qa5 17. Qc2 O-O-O 18. Nf3 Rd7 19. Rad1 Rhd8 20. Rxd7 Rxd7 21. Rd1 Rxd1 22. Kxd1 Qd8+ 23. Ke2 Qd6 24. Qd3 Qe7 25. Qd4 Bc5 26. Qd3 Nd7 27. Qc3 f6 28. Nd2 g5 29. Ne4 Bd6 30. Qd4 Bb8 31. c5 f5 32.
gxf5 exf5 33. Nd6+ Bxd6 34. cxd6 Qe5 35. Qd2 f4 36. Kf1 Nf6 37. exf4 gxf4 38. Bf3 Kd7 39. Qb4 b5 40. Qa5 Qxd6 41. Qxa6 Nd5 42. Bxd5 Qxd5 43. Qb7+ Ke6 44. Qxg7 Qd3+ 45. Kg2 Qe4+ 46. Kh2 Qf3 47. Qg4+ Qxg4 48. hxg4 c5 49. Kg2 c4 50. bxc4 bxc4 51. Kf3 c3 52. Ke2 f3+ 53. Kd3 Ke5 54. Kxc3 Kf4 55.
Kd3 Kxg4 56. Ke3 Kf5 57. Kxf3 1-0

[Event "*** SCC Grand Prix: Titled Tuesday Blitz"]
[Site "Chess.com"]
[Date "2020.09.29"]
[Round "9"]
[White "vladislavkovalev"]
[Black "RaunakSadhwani2005"]
[Result "1-0"]
[WhiteElo "2860"]
[BlackElo "2925"]
[TimeControl "180+1"]
[EndTime "11:42:59 PDT"]
[Termination "vladislavkovalev won by resignation"]

1. e4 e5 2. Nf3 Nc6 3. Bb5 Nf6 4. O-O Nxe4 5. Re1 Nd6 6. Nxe5 Be7 7. Bf1 Nxe5 8. Rxe5 O-O 9. d4 Bf6 10. Re1 Re8 11.
c3 Rxe1 12. Qxe1 Ne8 13. a4 a5 14. Bf4 d5 15. Nd2 Nd6 16. Nb3 Bf5 17. Nc5 b6 18. Nd3 Qf8 19. Qe3 Nc4 20. Qf3 Bxd3 21. Bxd3 Nxb2 22.
Bb5 c5 23. Rb1 cxd4 24. Rxb2 dxc3 25. Re2 d4 26. g3 Rc8 27. Bd3 g6 28. h4 Qb4 29. h5 c2 30. Rxc2 Qb1+ 31. Kg2 Rxc2 32. Bxc2 Qxc2 33. Qa8+ 1-0

[Event "*** SCC Grand Prix: Titled Tuesday Blitz"]
[Site "Chess.com"]
[Date "2020.09.29"]
[Round "9"]
[White "SergeyShtyka"]
[Black "The_Machine04"]
[Result "0-1"]
[WhiteElo "2348"]
[BlackElo "2295"]
[TimeControl "180+1"]
[EndTime "11:43:00 PDT"]
[Termination "The_Machine04 won by checkmate"]

1. e4 d6 2. d4 Nf6 3. Nc3 e5 4. Nf3 Nbd7 5. Bc4 Be7 6. Bxf7+ Kxf7 7. Ng5+ Kg8 8. Ne6 Qe8 9. Nxc7 Qg6 10. Nxa8 Qxg2 11.
Rf1 exd4 12. Qxd4 Ne5 13. f4 Nfg4 14. Qg1 Bh4+ 15. Kd1 Nf2+ 16. Ke2 Bg4+ 17. Ke3 Qf3+ 18. Kd4 Nc6+ 19. Kd5 Kf7 20. f5 Re8 21. Nc7 Rxe4 22. Nxe4 Qxe4+ 23. Kxd6 Be7+ 24. Kd7 Bxf5+ 25. Ne6 Qxe6+ 26.
Kc7 Qd7# 0-1

[Event "*** SCC Grand Prix: Titled Tuesday Blitz"]
[Site "Chess.com"]
[Date "2020.09.29"]
[Round "9"]
[White "Skatchkov_V"]
[Black "Orest_Vovk"]
[Result "0-1"]
[WhiteElo "2606"]
[BlackElo "2413"]
[TimeControl "180+1"]
[EndTime "11:43:01 PDT"]
[Termination "Orest_Vovk won by resignation"]

1. d4 e5 2. dxe5 Nc6 3. Nh3 Nxe5 4. e3 d5 5. Nf4 Nf6 6. Be2 Be7 7. O-O O-O 8. b3 c6 9. Bb2 Bd6 10. Nd2 Ng6 11. Nxg6 hxg6 12. c4 Qc7 13. h3 Bh2+ 14.
Kh1 Be5 15. Qc2 Bxb2 16. Qxb2 Re8 17. Rac1 Qe5 18. Qa3 Qe7 19. Qa4 d4 20. Rce1 dxe3 21. Bf3 Bxh3 22. Rxe3 Qd7 23. Rxe8+ Rxe8 24. Rd1 Bg4 25.
Ne4 Qf5 26. Nd6 Qh5+ 27. Kg1 Bxf3 28. gxf3 Qxf3 29. b4 Ng4 30. Qc2 Re2 0-1

[Event "*** SCC Grand Prix: Titled Tuesday Blitz"]
[Site "Chess.com"]
[Date "2020.09.29"]
[Round "9"]
[White "TC2304"]
[Black "Nastya_Rakhmangulova"]
[Result "1-0"]
[WhiteElo "2327"]
[BlackElo "2419"]
[TimeControl "180+1"]
[EndTime "11:43:01 PDT"]
[Termination "TC2304 won on time"]

1. d4 d5 2. c4 c6 3. Nc3 Nf6 4.
e3 Bf5 5. cxd5 cxd5 6. Qb3 Nc6 7.
Qxb7 Bd7 8. Qb3 Rb8 9. Qd1 e5 10.
Nf3 Bd6 11. Be2 e4 12. Nd2 O-O 13. f3 Qc7 14. fxe4 Bxh2 15. e5 Bg3+ 16. Kf1 Ne4 17. Nxd5 Nxd2+ 18. Bxd2 Qd8 19. Qc2 h6 20. Rxh6 gxh6 21.
Nf6+ Qxf6+ 22. exf6 Rfc8 23. Qe4 Rxb2 24. Be1 Bb8 25. Qh4 Nd8 26. Qxh6 Ne6 27. Bg4 Bb5+ 28. Kg1 1-0

[Event "*** SCC Grand Prix: Titled Tuesday Blitz"]
[Site "Chess.com"]
[Date "2020.09.29"]
[Round "9"]
[White "juancruzarias"]
[Black "GMaka"]
[Result "0-1"]
[WhiteElo "2490"]
[BlackElo "2382"]
[TimeControl "180+1"]
[EndTime "11:43:02 PDT"]
[Termination "GMaka won by checkmate"]

1. e4 e6 2. d4 d5 3. exd5 exd5 4. c4 c6 5. Nc3 Nf6 6. Nf3 Bb4 7. Be2 dxc4 8. Bxc4 O-O 9. O-O Bg4 10. Be3 Nbd7 11. h3 Bh5 12. g4 Bg6 13. Ne5 Nb6 14. Bb3 Bxc3 15. bxc3 Ne4 16. Rc1 Nd5 17. Qf3 Nexc3 18.
Bd2 Be4 19. Rxc3 Bxf3 20. Rxf3 f6 21. Nd3 a5 22. a4 Kh8 23. Nc5 Re8 24. Nxb7 Qb6 25.
Nc5 Re2 26. Be3 Nxe3 27. fxe3 Re8 28. g5 R2xe3 29. gxf6 gxf6 30. Rxf6 Rxb3 31. Rf7 Rg8+ 32. Kh1 Rxh3# 0-1

[Event "*** SCC Grand Prix: Titled Tuesday Blitz"]
[Site "Chess.com"]
[Date "2020.09.29"]
[Round "9"]
[White "Indianlad"]
[Black "Alexander_Moskalenko"]
[Result "1-0"]
[WhiteElo "2943"]
[BlackElo "2846"]
[TimeControl "180+1"]
[EndTime "11:43:03 PDT"]
[Termination "Indianlad won by resignation"]

1. Nf3 d5 2. e3 c6 3. c4 Nf6 4.
Nc3 Nbd7 5. d4 e6 6. Rg1 Bd6 7. g4 O-O 8. g5 Ne4 9. Nxe4 dxe4 10. Nd2 Bb4 11. a3 Bxd2+ 12. Bxd2 c5 13. Bc3 b6 14. h4 Bb7 15. h5 e5 16. dxe5 Qe7 17.
Qd6 Rfe8 18. g6 hxg6 19. hxg6 fxg6 20. O-O-O Nxe5 21. Bxe5 Qxe5 22. Qxe5 Rxe5 23. Rxg6 Rf8 24. Bh3 Rxf2 25. Rd7 Rf7 26. Be6 Rxe6 27. Rd8+ Kh7 28.
Rxe6 g5 29. Rde8 g4 30. R8e7 Kg7 31. Re5 Bc8 32. Rxf7+ Kxf7 33. Kd2 Kf6 34. Rxe4 Be6 35. Ke2 a6 36. Kf2 Kf5 37. Rf4+ Ke5 38. Kg3 a5 39. b3 Bf5 40. Kf2 Bc2 41. Rxg4 Bxb3 42. Ke2 Bc2 43. Kd2 Bf5 44. Rh4 Be6 45. Kd3 a4 46. Rh5+ Kd6 47. e4 Bg4 48. Rg5 Bh3 49. e5+ Ke6 50. Ke4 Bf1 51. Rg6+ Kf7 52. Rf6+ Ke7 53.
Rxf1 1-0

[Event "*** SCC Grand Prix: Titled Tuesday Blitz"]
[Site "Chess.com"]
[Date "2020.09.29"]
[Round "9"]
[White "Sergienko_Sergey"]
[Black "esrosenberg"]
[Result "0-1"]
[WhiteElo "2346"]
[BlackElo "2228"]
[TimeControl "180+1"]
[EndTime "11:43:04 PDT"]
[Termination "esrosenberg won by resignation"]

1. e4 e5 2. Nf3 Nc6 3. Bb5 a6 4. Ba4 Nf6 5. Bxc6 dxc6 6. d3 Bd6 7.
Nbd2 h6 8. Nc4 Qe7 9. b3 Bg4 10. h3 Bh5 11. Bb2 Nd7 12. Ne3 Bxf3 13. Qxf3 g6 14.
O-O O-O-O 15. a3 Rhg8 16. b4 Rdf8 17. c4 Qe6 18. c5 Be7 19. Qe2 f5 20. f3 f4 21. Nc4 g5 22. Bc3 h5 23. Qa2 Qg6 24.
Nxe5 Nxe5 25. Bxe5 g4 26. fxg4 hxg4 27. Rxf4 Rxf4 28.
Bxf4 gxh3 29. g3 Rf8 30. Rf1 Rxf4 31. Rxf4 Qxg3+ 32. Kh1 Qxf4 33. Qe6+ Kb8 34. Qxh3 Bh4 0-1

[Event "*** SCC Grand Prix: Titled Tuesday Blitz"]
[Site "Chess.com"]
[Date "2020.09.29"]
[Round "9"]
[White "MF1966Idrisov"]
[Black "Margarita2907"]
[Result "1-0"]
[WhiteElo "2358"]
[BlackElo "2198"]
[TimeControl "180+1"]
[EndTime "11:43:05 PDT"]
[Termination "MF1966Idrisov won by checkmate"]

1. Nf3 d5 2. b3 Nf6 3. Bb2 e6 4. e3 Be7 5. d4 O-O 6. Bd3 b6 7. Nbd2 Bb7 8. O-O Nbd7 9. Ne5 c5 10.
f4 Ne4 11. Nxd7 Qxd7 12. dxc5 Bxc5 13. Bd4 Bxd4 14. exd4 Nd6 15. Qe2 Rac8 16. Rae1 Rfd8 17. Kh1 a5 18. Rf3 Nf5 19. Qf2 a4 20. g4 Nd6 21.
f5 exf5 22. gxf5 Re8 23. Re5 Rxe5 24. dxe5 Nb5 25. Rh3 d4+ 26. Kg1 Nc3 27. e6 Qd5 28. exf7+ Kh8 29. Nf3 Ne4 30. Rxh7+ Kxh7 31. Qh4# 1-0

[Event "*** SCC Grand Prix: Titled Tuesday Blitz"]
[Site "Chess.com"]
[Date "2020.09.29"]
[Round "9"]
[White "geordie_derraugh"]
[Black "BJthechessgod"]
[Result "1-0"]
[WhiteElo "2396"]
[BlackElo "2291"]
[TimeControl "180+1"]
[EndTime "11:43:06 PDT"]
[Termination "geordie_derraugh won by checkmate"]

1. e4 c5 2. Nf3 Nc6 3. Bb5 g6 4. Bxc6 dxc6 5. h3 Bg7 6. d3 e5 7.
O-O Qc7 8. Nbd2 Ne7 9. a4 a5 10. Nc4 b6 11. Be3 Be6 12. Nfd2 O-O 13. b4 axb4 14. a5 bxa5 15. Bxc5 Rfd8 16. Bb6 Qd7 17. Bxd8 Qxd8 18. Qb1 f5 19. Qb3 Kh8 20. Ra4 fxe4 21. Nxe4 Nd5 22. Rfa1 Nb6 23. Nc5 Nxa4 24. Nxe6 Qe7 25.
Nxg7 Nc5 26. Qb2 Qxg7 27. Rxa5 Rxa5 28. Nxa5 e4 29. Qxb4 Qa1+ 30. Kh2 Qe5+ 31. g3 exd3 32. cxd3 Nxd3 33. Qf8# 1-0

[Event "*** SCC Grand Prix: Titled Tuesday Blitz"]
[Site "Chess.com"]
[Date "2020.09.29"]
[Round "9"]
[White "isainz"]
[Black "Makswolf200817"]
[Result "0-1"]
[WhiteElo "2042"]
[BlackElo "2410"]
[TimeControl "180+1"]
[EndTime "11:43:08 PDT"]
[Termination "Makswolf200817 won by resignation"]

1. e4 c5 2. Nf3 e6 3. d4 cxd4 4. Nxd4 a6 5. c4 Nf6 6. Nc3 Qc7 7. a3 b6 8. Be2 Bb7 9. f3 d6 10. Be3 Be7 11. O-O Nbd7 12. Rc1 O-O 13. b4 Rac8 14. Qd2 Qb8 15. Rc2 Bd8 16. Kh1 Bc7 17. Bg1 Kh8 18.
Rb1 Rg8 19. a4 g5 20. Nb3 g4 21. a5 gxf3 22. gxf3 bxa5 23. Nxa5 Ba8 24. c5 Ne5 25. Qh6 Nxe4 26. Nxe4 Bxa5 27. Qf6+ Rg7 28. Nxd6 Ng4 29. Nxf7+ Kg8 30. Nh6+ Nxh6 31. Qxh6 Bd5 32. Bd4 e5 33. Qd6 Qxd6 34. cxd6 Rxc2 35. Bxe5 Rxe2 36. Bxg7 Bxf3+ 37. Kg1 Bb6+ 38. Kf1 Kxg7 39. Rb3 Rf2+ 40. Ke1 Bc6 0-1